 Dungeon Crawl Stone Soup version 0.31.0-1-g2c135a008e (webtiles) character file.

Game seed: 2004100049713385332

13775 qw the Skirmisher (level 12, -3/86 HPs)
             Began as a Djinni Hunter on Jan 23, 2024.
             Was an Elder of Okawaru.
             Slain by a catoblepas (9 damage)
             ... on level 11 of the Dungeon.
             The game lasted 00:00:59 (9275 turns).

qw the Skirmisher (Djinni Hunter)                   Turns: 9275, Time: 00:00:59

Health: -3/86      AC: 14    Str: 10    XL:     12   Next: 36%
Gold:   166        EV: 17    Int: 11    God:    Okawaru [****..] SH:  0 Dex: 28

rFire   + + .        d - +0 orcbow
rCold   . . .        (shield currently unavailable)
rNeg    . . .        k - +2 ring mail {rC+}
rPois   inf          h - +2 helmet
rElec   .            j - +2 cloak
rCorr   .            (no gloves)
SInv    .            (boots unavailable)
Will    +....        f - amulet of the acrobat
Stlth   ++           o - +4 ring of slaying {mikee}
HPRegen 0.34/turn    l - +6 ring of dexterity
MPRegen 0.00/turn

%: acrobat, infuse magic (-4 HP)
@: finesse-ful, flying
A: sickness immunity, fire resistance 2, cold vulnerability 1, float, innate
caster, HP casting, extra vitality 1
a: Renounce Religion, Heroism, Finesse


You were on level 11 of the Dungeon.
You worshipped Okawaru.
Okawaru was greatly pleased with you.
You visited 2 branches of the dungeon, and saw 12 of its levels.

You collected 614 gold pieces.
You spent 448 gold pieces at shops.


Innate Abilities, Weirdness & Mutations

You are immune to sickness and miasma.
You are immune to poison.
Your flesh is very heat resistant. (rF++)
You are vulnerable to cold. (rC-)
You float through the air rather than walking.
You learn spells naturally, not from books.
Your magical power is your life essence.
You have superior vitality. (+4 MHP)


   Skills:
 - Level 8.1 Fighting
 + Level 10.3 Ranged Weapons
 - Level 3.2 Armour
 - Level 9.0 Dodging
 - Level 0.7 Stealth
 - Level 10.1 Invocations


You knew the following spells:

 Your Spells              Type           Power      Damage    Failure   Level
a - Sting                 Conj/Alch      0%         1d3       65%         1
b - Momentum Strike       Conj/Tloc      0%         3d8       78%         2
c - Call Imp              Summ           0%         N/A       78%         2
d - Gell's Gravitas       Tloc           0%         N/A       95%         3
e - Dimensional Bullseye  Hex/Tloc       0%         N/A       100%        4
Your spell library was empty.

Inventory:

Hand Weapons
 d - a +0 orcbow (weapon)
Armour
 b - a +2 ring mail of fire resistance
 h - a +2 helmet (worn)
 j - a +2 cloak (worn)
 k - a +2 ring mail of cold resistance (worn)
 p - a +0 troll leather armour
Jewellery
 f - an amulet of the acrobat (around neck)
 l - a +6 ring of dexterity (right hand)
 o - a +4 ring of slaying (left hand) {mikee}
Wands
 a - a wand of iceblast (5)
 c - a wand of mindburst (30)
 m - a wand of paralysis (7)
Scrolls
 e - 5 scrolls of identify
 n - 3 scrolls of teleportation
Potions
 g - 4 potions of curing
 i - 2 potions of might

Dungeon Overview and Level Annotations

Branches:
Dungeon (11/15)            Temple (0/1) D:4            Lair (1/5) D:11
    Orc (0/2) D:9

Altars:
Cheibriados
Fedhas
Hepliaklqana
Makhleb
Nemelex Xobeh
Okawaru
Qazlal
Ru
Uskayaw
Xom

Shops:
D:2 *   D:4 *   D:9 ?[


Message History

The plant begins to die.
9268 ||| Stepping ~*~*~tactically~*~*~ (cloud).
The plant is engulfed in calcifying dust. x3
A nearby plant withers and dies.
The catoblepas attacks as it pursues you!
The catoblepas gores you!!
9269 ||| READING 4 scrolls of teleportation.
As you read the scroll of teleportation, it crumbles to dust.
You feel strangely unstable.
The plant is engulfed in calcifying dust.
The plant turns to stone!
The plant is engulfed in calcifying dust.
The plant turns to stone!
The plant is engulfed in calcifying dust.
The plant turns to stone!
The catoblepas gores you but does no damage.
You shoot an arrow. The arrow hits the catoblepas!
The catoblepas is severely wounded.
The plant is engulfed in calcifying dust. x3
You shoot an arrow. The arrow hits the catoblepas.
The catoblepas is severely wounded.
The plant is engulfed in calcifying dust. x3
The catoblepas misses you.
You shoot an arrow. The arrow hits the catoblepas.
The catoblepas is severely wounded.
The plant is engulfed in calcifying dust.
A nearby plant withers and dies.
The plant is engulfed in calcifying dust. x2
A nearby plant withers and dies.
You shoot an arrow. The arrow hits the catoblepas.
The catoblepas is severely wounded.
The plant is engulfed in calcifying dust.
A nearby plant withers and dies.
The catoblepas barely misses you.
You shoot an arrow. The arrow hits the catoblepas!
The catoblepas is almost dead.
You shoot an arrow. The arrow hits the catoblepas.
The catoblepas is almost dead.
Your surroundings seem slightly different.
The catoblepas gores you!
You die...

#.# #.#.#..#.. #.#
#######.#.#..... #.#
#.......#.##.... #.#
###.#####.#.......
#.####.....###########.
#.##.....P...##...[....
#.#¤PPPP......#########
#.#P¤PPP...........####
#.#PP.@...P.....##.....
#.#PP¤Y...PPPP.########
###.#PP....PPPPP##
#...##PPPP.PPPP##
################


You could see a catoblepas.

Vanquished Creatures
  4 two-headed ogres
  Pikel (D:7)
  A cyclops (D:11)
  A cane toad (D:11)
  Jeremiah (D:7)
  A komodo dragon (D:11)
  A troll (D:9)
  4 hornets
  A vampire (D:11)
  A wraith (D:11)
  3 wyverns
  22 yaks
  A basilisk (D:11)
  2 acid dragons (D:11)
  4 water moccasins
  2 orc warriors
  A black bear (D:4)
  2 sky beasts
  2 centaurs (D:10)
  2 ogres
  2 lemures (D:7)
  3 phantoms
  A kobold brigand (D:9)
  Blork the orc (D:5)
  2 bullfrogs (D:8)
  4 scorpions
  2 gnoll sergeants
  5 wights (D:10)
  17 killer bees
  5 howler monkeys
  3 bombardier beetles
  3 jellies
  7 hounds
  5 orc priests
  A gnoll bouda (D:5)
  4 sleepcaps
  3 iguanas (D:5)
  7 orc wizards
  10 adders
  20 gnolls
  A shadow imp (D:5)
  3 dart slugs
  2 ribbon worms
  14 orcs
  10 ball pythons
  5 bats
  6 endoplasms
  6 giant cockroaches
  8 goblins
  9 hobgoblins
  A jackal (D:8)
  13 kobolds
  A quokka (D:2)
  A frilled lizard (D:3)
  8 rats
250 creatures vanquished.

Notes
Turn   | Place    | Note
-------+----------+-------------------------------------------
     0 | D:1      | qw the Djinni Hunter began the quest for the Orb.
     0 | D:1      | Reached XP level 1. HP: 18/18 MP: 0/0
     0 | D:1      | 0 ||| qw: Version: 0.3-a-136-gdd3b4e8
     0 | D:1      | 0 ||| qw: Game counter: 1010
     0 | D:1      | 0 ||| qw: Melee chars always use a shield: true
     0 | D:1      | 0 ||| qw: God list: Okawaru
     0 | D:1      | 0 ||| qw: Allow faded altars: false
     0 | D:1      | 0 ||| qw: Do Orc after clearing Dungeon:15 true
     0 | D:1      | 0 ||| qw: Do second Lair branch before Depths: true
     0 | D:1      | 0 ||| qw: Lair rune preference: random
     0 | D:1      | 0 ||| qw: Goals: Normal
     0 | D:1      | 0 ||| PLANNING D:1-11
   137 | D:1      | Reached XP level 2. HP: 23/23 MP: 0/0
   520 | D:1      | Reached XP level 3. HP: 28/28 MP: 0/0
   520 | D:1      | Learned a level 1 spell: Sting
   781 | D:1      | 781 ||| UPGRADING to +0 helmet.
   786 | D:1      | 786 ||| UPGRADING to +0 cloak.
   791 | D:1      | 791 ||| UPGRADING to +6 ring of strength.
   792 | D:1      | 792 ||| READING 2 scrolls labelled CEHIWE CEUQEISK.
   792 | D:1      | 792 ||| IDENTIFYING fizzy white potion
   793 | D:1      | 793 ||| READING scroll of identify.
   793 | D:1      | 793 ||| IDENTIFYING bubbling brown potion
   794 | D:1      | 794 ||| DRINKING 2 murky puce potions.
   795 | D:1      | 795 ||| DROPPING scroll of butterflies.
   796 | D:1      | 796 ||| DROPPING potion of degeneration.
   918 | D:2      | Found Xuexkan's Assorted Antiques.
   924 | D:2      | 924 ||| SHOPLISTING encrusted lead wand (124 gold, have
                  | 64).
   924 | D:2      | 924 ||| BUYING fuming golden potion (27 gold).
   924 | D:2      | Bought a fuming golden potion for 27 gold pieces
   924 | D:2      | 924 ||| SHOPLISTING glowing arbalest (232 gold, have 37).
   924 | D:2      | 924 ||| SHOPLISTING ichor-stained ring mail (279 gold, have
                  | 37).
   924 | D:2      | 924 ||| SHOPLISTING ring mail (124 gold, have 37).
   924 | D:2      | 924 ||| SHOPLISTING runed sling (139 gold, have 37).
   924 | D:2      | 924 ||| SHOPLISTING sapphire ring (155 gold, have 37).
   924 | D:2      | 924 ||| BUYING scroll labelled GEN SUMEHIFEJ (31 gold).
   924 | D:2      | Bought a scroll labelled GEN SUMEHIFEJ for 31 gold pieces
   934 | D:2      | Found a faded altar of an unknown god.
   951 | D:2      | Reached skill level 3 in Fighting
   951 | D:2      | Reached XP level 4. HP: 35/35 MP: 0/0
   964 | D:2      | Found Biptuyf's Jewellery Shoppe.
   981 | D:2      | Identified the +10 short sword of Gifeehoh {freeze, rC+ rN+
                  | rCorr}
  1186 | D:2      | Reached skill level 3 in Dodging
  1553 | D:2      | 1553 ||| READING scroll labelled ULESHR APPUOR.
  1554 | D:2      | 1554 ||| READING scroll labelled GEN SUMEHIFEJ.
  1555 | D:2      | 1555 ||| READING 3 scrolls labelled OGUATA HEMOUC.
  1556 | D:2      | 1556 ||| READING 3 scrolls labelled ERURRASEBO.
  1557 | D:2      | 1557 ||| READING scroll labelled ZYGEWYNEHA.
  1561 | D:2      | 1561 ||| READING scroll labelled GONUTU NOTEA.
  1561 | D:2      | 1561 ||| ENCHANTING +0 helmet.
  1562 | D:2      | 1562 ||| READING scroll labelled JEKKEAGIEKK.
  1563 | D:2      | 1563 ||| DRINKING 2 green potions.
  1564 | D:2      | 1564 ||| DROPPING potion of brilliance.
  1565 | D:2      | 1565 ||| DROPPING 2 scrolls of summoning.
  1566 | D:2      | 1566 ||| DROPPING 2 scrolls of poison.
  1615 | D:3      | Reached XP level 5. HP: 40/40 MP: 0/0
  1615 | D:3      | Learned a level 2 spell: Momentum Strike
  1775 | D:3      | Found a sparkling altar of Nemelex Xobeh.
  1776 | D:3      | Found a shimmering altar of Xom.
  1778 | D:3      | 1778 ||| UPGRADING to +3 ring mail.
  1797 | D:3      | 1797 ||| DROPPING +0 leather armour.
  1803 | D:3      | Found an iron altar of Okawaru.
  1804 | D:3      | 1804 ||| PLANNING OKAWARU WORSHIP
  1804 | D:3      | 1804 ||| READING scroll labelled HIALAC AZOYPH.
  1808 | D:3      | Found a hide-covered altar of Uskayaw.
  1815 | D:3      | Became a worshipper of Warmaster Okawaru
  1816 | D:3      | 1816 ||| PLANNING D:1-11
  2158 | D:3      | 2158 ||| READING scroll of identify.
  2158 | D:3      | 2158 ||| IDENTIFYING golden potion
  2159 | D:3      | 2159 ||| READING scroll labelled ACADYTTOO UTIUS.
  2159 | D:3      | 2159 ||| ENCHANTING +0 shortbow.
  2160 | D:3      | 2160 ||| DRINKING 2 fuming golden potions.
  2161 | D:3      | 2161 ||| DROPPING potion of lignification.
  2219 | D:4      | Reached XP level 6. HP: 46/46 MP: 0/0
  2229 | D:4      | Found Ejiwk's Assorted Antiques.
  2265 | D:4      | 2265 ||| BUYING amethyst potion (27 gold).
  2265 | D:4      | Bought an amethyst potion for 27 gold pieces
  2265 | D:4      | 2265 ||| BUYING black potion (27 gold).
  2265 | D:4      | Bought a black potion for 27 gold pieces
  2265 | D:4      | 2265 ||| SHOPLISTING long silver wand (120 gold, have 15).
  2265 | D:4      | 2265 ||| SHOPLISTING scroll of identify (60 gold, have 15).
  2265 | D:4      | 2265 ||| SHOPLISTING scroll of teleportation (90 gold, have
                  | 15).
  2299 | D:4      | 2299 ||| READING scroll of enchant weapon.
  2299 | D:4      | 2299 ||| ENCHANTING +1 shortbow.
  2337 | D:4      | Found a staircase to the Ecumenical Temple.
  2350 | D:4      | 2350 ||| READING scroll of identify.
  2350 | D:4      | 2350 ||| IDENTIFYING amethyst potion
  2381 | D:4      | Noticed a black bear
  2382 | D:4      | 2382 ||| DRINKING potion of haste.
  2392 | D:4      | 2392 ||| ZAPPING wand of mindburst (17) at 0,1 (black bear;
                  | floor).
  2392 | D:4      | Killed a black bear
  2392 | D:4      | Reached * piety under Okawaru
  2393 | D:4      | Reached XP level 7. HP: 43/53 MP: 0/0
  2393 | D:4      | Learned a level 2 spell: Call Imp
  2628 | D:4      | 2628 ||| READING scroll labelled NUTAPEPR JOFO.
  2629 | D:4      | 2629 ||| READING 2 scrolls labelled KOPOLY HUIN.
  2630 | D:4      | 2630 ||| DRINKING 2 black potions.
  2631 | D:4      | 2631 ||| DROPPING potion of invisibility.
  2632 | D:4      | 2632 ||| DROPPING scroll of fog.
  2647 | D:5      | Entered Level 5 of the Dungeon
  2721 | D:5      | Reached skill level 1 in Invocations
  3032 | D:5      | 3032 ||| READING scroll of enchant armour.
  3032 | D:5      | 3032 ||| ENCHANTING +1 helmet.
  3197 | D:5      | Found a burning altar of Makhleb.
  3197 | D:5      | Noticed an Executioner
  3200 | D:5      | Noticed a ynoxinul
  3200 | D:5      | Noticed an orange demon
  3215 | D:5      | Noticed a water moccasin
  3216 | D:5      | 3216 ||| RETREEEEATING.
  3217 | D:5      | 3217 ||| RETREEEEATING.
  3218 | D:5      | 3218 ||| INVOKING Heroism.
  3228 | D:5      | Killed a water moccasin
  3228 | D:5      | Reached ** piety under Okawaru
  3229 | D:5      | Reached skill level 3 in Invocations
  3229 | D:5      | Reached XP level 8. HP: 54/58 MP: 0/0
  3315 | D:5      | Reached skill level 6 in Ranged Weapons
  3334 | D:5      | 3334 ||| RETREEEEATING.
  3335 | D:5      | 3335 ||| RETREEEEATING.
  3336 | D:5      | 3336 ||| RETREEEEATING.
  3337 | D:5      | 3337 ||| RETREEEEATING.
  3338 | D:5      | 3338 ||| RETREEEEATING.
  3343 | D:5      | 3343 ||| RETREEEEATING.
  3348 | D:5      | 3348 ||| RETREEEEATING.
  3349 | D:5      | 3349 ||| RETREEEEATING.
  3421 | D:5      | 3421 ||| RETREEEEATING.
  3423 | D:5      | 3423 ||| RETREEEEATING.
  3526 | D:5      | 3526 ||| UPGRADING to +6 ring of dexterity.
  3575 | D:6      | 3575 ||| STAIRDANCE
  3575 | D:6      | Noticed Blork the orc
  3613 | D:6      | 3613 ||| STAIRDANCE
  3619 | D:5      | Killed Blork the orc
  3619 | D:5      | Reached *** piety under Okawaru
  3648 | D:6      | Reached XP level 9. HP: 58/63 MP: 0/0
  3648 | D:6      | Learned a level 3 spell: Gell's Gravitas
  3650 | D:6      | 3650 ||| STAIRDANCE
  3680 | D:5      | 3680 ||| DROPPING wand of flame (37).
  3937 | D:6      | 3937 ||| READING scroll of enchant weapon.
  3937 | D:6      | 3937 ||| ENCHANTING +2 shortbow.
  4502 | D:6      | 4502 ||| UPGRADING to amulet of the acrobat.
  4507 | D:6      | 4507 ||| READING 2 scrolls of identify.
  4507 | D:6      | 4507 ||| IDENTIFYING scroll labelled BISUHI AWIL
  4508 | D:6      | 4508 ||| READING scroll of brand weapon.
  4508 | D:6      | 4508 ||| BRANDING +3 shortbow.
  4546 | D:7      | Reached skill level 6 in Dodging
  4575 | D:7      | Noticed a hornet
  4576 | D:7      | 4576 ||| INVOKING Heroism.
  4672 | D:7      | Noticed Jeremiah
  4673 | D:7      | 4673 ||| RETREEEEATING.
  4674 | D:7      | 4674 ||| RETREEEEATING.
  4676 | D:7      | 4676 ||| RETREEEEATING.
  4696 | D:7      | 4696 ||| INVOKING Heroism.
  4718 | D:7      | 4718 ||| ZAPPING wand of light (5) at 2,0 (Jeremiah;
                  | floor).
  4719 | D:7      | 4719 ||| ZAPPING wand of light (4) at 2,0 (Jeremiah;
                  | floor).
  4720 | D:7      | 4720 ||| ZAPPING wand of light (3) at 2,0 (Jeremiah;
                  | floor).
  4721 | D:7      | 4721 ||| ZAPPING wand of light (2) at 2,0 (Jeremiah;
                  | floor).
  4722 | D:7      | 4722 ||| INVOKING Heroism.
  4743 | D:7      | 4743 ||| ZAPPING wand of light (1) at 4,3 (Jeremiah;
                  | floor).
  4754 | D:7      | 4754 ||| INVOKING Heroism.
  4775 | D:7      | Killed Jeremiah
  4953 | D:7      | 4953 ||| INVOKING Heroism.
  4961 | D:7      | Killed a hornet
  5055 | D:7      | Found a snail-covered altar of Cheibriados.
  5065 | D:7      | Noticed a hornet
  5095 | D:7      | 5095 ||| RETREEEEATING.
  5096 | D:7      | 5096 ||| RETREEEEATING.
  5097 | D:7      | 5097 ||| RETREEEEATING.
  5099 | D:7      | 5099 ||| RETREEEEATING.
  5100 | D:7      | 5100 ||| INVOKING Heroism.
  5104 | D:7      | Killed a hornet
  5105 | D:7      | Reached skill level 6 in Fighting
  5114 | D:7      | Reached XP level 10. HP: 70/73 MP: 0/0
  5217 | D:7      | Noticed Pikel
  5219 | D:7      | 5219 ||| INVOKING Heroism.
  5231 | D:7      | Killed Pikel
  5231 | D:7      | Reached **** piety under Okawaru
  5519 | D:8      | Found a sacrificial altar of Ru.
  5720 | D:8      | 5720 ||| READING scroll of enchant armour.
  5720 | D:8      | 5720 ||| ENCHANTING +0 cloak.
  5782 | D:8      | 5782 ||| RETREEEEATING.
  5783 | D:8      | 5783 ||| RETREEEEATING.
  5787 | D:8      | 5787 ||| RETREEEEATING.
  5794 | D:8      | 5794 ||| INVOKING Finesse.
  5819 | D:8      | Reached ***** piety under Okawaru
  5925 | D:8      | You are sucked into a shaft and drop 2 floors!
  5925 | D:10     | Entered Level 10 of the Dungeon
  5990 | D:9      | 5990 ||| UPGRADING to +0 troll leather armour.
  6000 | D:9      | 6000 ||| DROPPING +3 ring mail.
  6001 | D:9      | 6001 ||| READING 5 scrolls of identify.
  6001 | D:9      | 6001 ||| IDENTIFYING smoky orange potion
  6002 | D:9      | 6002 ||| DROPPING potion of berserk rage.
  6091 | D:8      | Reached skill level 6 in Invocations
  6135 | D:8      | 6135 ||| RETREEEEATING.
  6141 | D:8      | Reached skill level 9 in Ranged Weapons
  6159 | D:8      | Reached XP level 11. HP: 72/78 MP: 0/0
  6159 | D:8      | Learned a level 4 spell: Dimensional Bullseye
  6491 | D:9      | 6491 ||| READING scroll of enchant armour.
  6491 | D:9      | 6491 ||| ENCHANTING +1 cloak.
  6548 | D:9      | Found Ijatsuog's Armour Shoppe.
  6551 | D:9      | 6551 ||| BUYING +2 ring mail of cold resistance (336 gold).
  6551 | D:9      | Bought a +2 ring mail of cold resistance for 336 gold
                  | pieces
  6573 | D:9      | Noticed a two-headed ogre
  6574 | D:9      | 6574 ||| INVOKING Finesse.
  6584 | D:9      | Killed a two-headed ogre
  6585 | D:9      | Reached skill level 9 in Dodging
  6621 | D:9      | 6621 ||| FLEEEEING.
  6622 | D:9      | 6622 ||| FLEEEEING.
  6651 | D:9      | Found a staircase to the Orcish Mines.
  6989 | D:9      | Found Unosog's Magic Scroll Boutique.
  6997 | D:9      | 6997 ||| SHOPLISTING scroll of enchant weapon (90 gold,
                  | have 23).
  6997 | D:9      | 6997 ||| SHOPLISTING scroll of identify (24 gold, have 23).
  6997 | D:9      | 6997 ||| SHOPLISTING scroll of teleportation (36 gold, have
                  | 23).
  6997 | D:9      | 6997 ||| UPGRADING to +2 ring mail of cold resistance.
  7007 | D:9      | 7007 ||| UPGRADING to +4 ring of slaying {mikee}.
  7009 | D:9      | 7009 ||| DROPPING +6 ring of strength.
  7064 | D:10     | Identified the +9 mace of the Doomed Warrior {pain, +Blink
                  | rC+ rCorr Int-3}
  7179 | D:10     | Noticed a two-headed ogre
  7180 | D:10     | 7180 ||| INVOKING Finesse.
  7188 | D:10     | Killed a two-headed ogre
  7189 | D:10     | Reached skill level 3 in Armour
  7189 | D:10     | Received a gift from Okawaru
  7269 | D:10     | Found a hazy altar of Hepliaklqana.
  7371 | D:10     | Found a blossoming altar of Fedhas.
  7721 | D:10     | 7721 ||| SWAPPING to +0 orcbow.
  7722 | D:10     | 7722 ||| DROPPING +3 shortbow of draining.
  7766 | D:11     | Noticed a cyclops
  7767 | D:11     | 7767 ||| INVOKING Finesse.
  7768 | D:11     | 7768 ||| INVOKING Finesse.
  7772 | D:11     | Killed a cyclops
  7898 | D:11     | Found a stormy altar of Qazlal.
  7901 | D:11     | 7901 ||| RETREEEEATING.
  7902 | D:11     | 7902 ||| RETREEEEATING.
  7913 | D:11     | 7913 ||| RETREEEEATING.
  7914 | D:11     | 7914 ||| RETREEEEATING.
  7917 | D:11     | 7917 ||| INVOKING Finesse.
  7934 | D:11     | Reached skill level 9 in Invocations
  8355 | D:11     | 8355 ||| RETREEEEATING.
  8358 | D:11     | 8358 ||| RETREEEEATING.
  8359 | D:11     | 8359 ||| RETREEEEATING.
  8360 | D:11     | 8360 ||| RETREEEEATING.
  8361 | D:11     | 8361 ||| RETREEEEATING.
  8362 | D:11     | 8362 ||| INVOKING Finesse.
  8365 | D:11     | Reached XP level 12. HP: 80/85 MP: 0/0
  8554 | D:11     | Noticed a two-headed ogre
  8555 | D:11     | 8555 ||| INVOKING Finesse.
  8559 | D:11     | Noticed a two-headed ogre
  8564 | D:11     | Killed a two-headed ogre
  8573 | D:11     | Killed a two-headed ogre
  8808 | D:11     | 8808 ||| DRINKING potion of cancellation.
  8897 | D:11     | Found a staircase to the Lair.
  9117 | D:11     | 9117 ||| PLANNING LAIR
  9206 | Lair:1   | Entered Level 1 of the Lair of Beasts
  9206 | Lair:1   | Noticed a catoblepas
  9207 | Lair:1   | 9207 ||| INVOKING Finesse.
  9208 | Lair:1   | 9208 ||| STAIRDANCE
  9257 | Lair:1   | 9257 ||| INVOKING Finesse.
  9258 | Lair:1   | 9258 ||| STAIRDANCE
  9268 | D:11     | 9268 ||| Stepping ~*~*~tactically~*~*~ (cloud).
  9268 | D:11     | HP: 4/86 [catoblepas (22)]
  9269 | D:11     | 9269 ||| READING 4 scrolls of teleportation.
  9275 | D:11     | Slain by a catoblepas

Levels and vault maps discovered:
D:1:      evilmike_arrival_fibonacci_small, layout_basic
D:2:      layout_loops_ring, serial_shops, nicolae_shop_crystal,
          nicolae_shop_competitors_out_of_business,
          nicolae_ecumenical_snake_handling, kennysheep_generic_room_9
D:3:      layout_loops_ring, nicolae_overflow_macrodata_refinement
D:4:      layout_basic, minmay_temple_entry_grid, serial_shops,
          nicolae_shop_trees
D:5:      minmay_bubble_buster, layout_basic, makhleb_altar_promises_db,
          hangedman_decor_growths
D:6:      cheibrodos_quashed, layout_basic, nicolae_zig_zag_zippers,
          uniq_blork_the_orc
D:7:      layout_basic, jmf_multi_god_temple, minivault_19, uniq_jeremiah,
          uniq_pikel
D:8:      layout_loops_ring, nicolae_ru_great_annihilating_truth,
          small_statue_intersection, lemuel_flamethrower_2
D:9:      layout_basic, orc_0_dummy, serial_shops, shop,
          nicolae_shop_real_fake_doors, minmay_unpleasant_kobolds
D:10:     layout_irregular_city, mainiacjoe_overflow_boulevard,
          mainiacjoe_overflow_surrounded_room
D:11:     layout_basic, david_lair_shrubbed, nicolae_qazlal_scattered_showers
Lair:1:   layout_loops_ring

Skill      XL: |  1  2  3  4  5  6  7  8  9 10 11 12 |
---------------+-------------------------------------+-----
Ranged Weapons | 4 5 6 8 9 10 | 10.3
Fighting       | 3 4 6 7 8 |  8.1
Dodging        | 3 4 6 8 9 |  9.0
Armour         | 2 3 |  3.2
Invocations    | 3 4 6 9 10 | 10.1
Stealth        | |  0.7

Action                     |  1- 3 |  4- 6 |  7- 9 | 10-12 || total
---------------------------+-------+-------+-------+-------++-------
   Fire: Shortbow          |    88 |   183 |   338 |   292 ||   901
         Orcbow            |       |       |       |   199 ||   199
 Invoke: Heroism           |       |       |     7 |     1 ||     8
         Finesse           |       |       |       |     9 ||     9
  Evoke: Wand              |       |     1 |     5 |       ||     6
    Use: Scroll            |     2 |    12 |     6 |     4 ||    24
         Potion            |     1 |     3 |     1 |     1 ||     6
 Armour: Leather armour    |    31 |    26 |       |       ||    57
         Ring mail         |       |    25 |   133 |    87 ||   245
         Skin              |       |     1 |       |       ||     1
         Troll leather arm |       |       |       |    21 ||    21
  Dodge: Dodged            |    39 |    61 |   192 |   224 ||   516

Table legend:
 A = Non-vault XP
 B = Vault XP
 C = Vault XP percentage of total XP
 D = Non-vault monster count
 E = Vault monster count
 F = Vault count percentage of total count
                 A         B        C        D         E       F
            +---------+---------+-------+---------+---------+-------
      Total |   16645 |    3034 |  15.4 |     210 |      38 |  15.3
            +---------+---------+-------+---------+---------+-------
        D:1 |      36 |       0 |   0.0 |      21 |       0 |   0.0
        D:2 |      83 |       9 |   9.8 |      21 |       4 |  16.0
        D:3 |      99 |       0 |   0.0 |      16 |       0 |   0.0
        D:4 |     353 |       0 |   0.0 |      17 |       0 |   0.0
        D:5 |     501 |     892 |  64.0 |      15 |      18 |  54.5
        D:6 |     505 |       0 |   0.0 |      12 |       0 |   0.0
        D:7 |     928 |    1451 |  61.0 |      13 |       4 |  23.5
        D:8 |    2845 |      40 |   1.4 |      22 |       4 |  15.4
        D:9 |    2537 |     103 |   3.9 |      16 |       6 |  27.3
       D:10 |    2193 |       0 |   0.0 |      21 |       0 |   0.0
       D:11 |    6565 |     539 |   7.6 |      36 |       2 |   5.3
            +---------+---------+-------+---------+---------+-------
